 Dungeon Crawl Stone Soup version 0.20.1-1-g8b1a95d (webtiles) character file.

355 Gremour the Slasher (level 6, -6/37 HPs)
             Began as a Tengu Fighter on Nov 3, 2017.
             Was an Initiate of Okawaru.
             Killed by nerve-wracking pain
             ... invoked by Grinder
              (14 damage)
             ... on level 3 of the Dungeon.
             The game lasted 00:11:41 (2140 turns).

Gremour the Slasher (Tengu Fighter)                 Turns: 2140, Time: 00:11:42

Health: -6/37      AC:  8    Str: 17    XL:     6   Next: 63%
Magic:  7/7        EV:  7    Int:  8    God:    Okawaru [......]
Gold:   108        SH:  9    Dex: 15    Spells: 5/5 levels left

rFire    . . .     SeeInvis .   a - +0 long sword
rCold    . . .     Gourm    .   c - +0 shield
rNeg     . . .     Faith    .   b - +0 scale mail
rPois    .         Spirit   .   (helmet restricted)
rElec    .         Reflect  .   i - +0 cloak
rCorr    .         Harm     .   (no gloves)
MR       .....                  (boots unavailable)
Stlth    ..........             (no amulet)
Regen    0.2/turn               (no ring)
MPRegen  0.1/turn               (no ring)

@: no status effects
A: beak, talons 3, able to fly 1
a: Fly, Renounce Religion


You were on level 3 of the Dungeon.
You worshipped Okawaru.
Okawaru was noncommittal.
You were hungry.

You visited 1 branch of the dungeon, and saw 3 of its levels.

You collected 108 gold pieces.

Inventory:

Hand Weapons
 a - a +0 long sword (weapon)
Armour
 b - a +0 scale mail (worn)
 c - a +0 shield (worn)
 i - a +0 cloak (worn)
Jewellery
 k - an uncursed ring of protection from fire {unknown}
Scrolls
 e - a scroll of blinking {unknown}
 n - 4 scrolls of identify {unknown}
 o - 4 scrolls of remove curse {unknown}
 p - a scroll of teleportation {unknown}
 t - a scroll of amnesia {unknown}
Potions
 d - 2 potions of might
 h - a potion of berserk rage {unknown}
 l - a potion of curing {unknown}
 q - a potion of heal wounds
 r - a potion of haste {unknown}
Comestibles
 f - a bread ration
 g - a meat ration
 j - 2 royal jellies
 m - 5 fruits
 s - a chunk of flesh


   Skills:
 - Level 3.0 Fighting
 * Level 7.5 Long Blades
 - Level 3.2 Armour
 - Level 3.0 Shields


You had 5 spell levels left.
You didn't know any spells.

Dungeon Overview and Level Annotations

Branches:
Dungeon (3/15)

Altars:
Cheibriados
Dithmenos
Elyvilon
Gozag
Okawaru
Xom
The Shining One

Annotations:
D:3 Grinder


Innate Abilities, Weirdness & Mutations

You have a beak for a mouth.
You have claws for feet.
You can fly.


Message History

Grinder is heavily wounded.
Your transformation has ended.
Your +0 long sword unmelds from your body.
Your +0 cloak unmelds from your body.
Your +0 shield unmelds from your body.
Your +0 scale mail unmelds from your body.
Grinder hits you but does no damage.
You hit Grinder but do no damage. Your peck misses Grinder.
Grinder is heavily wounded.
Grinder zaps a wand.
You resist with some effort.
You hit Grinder.
Grinder is severely wounded.
Grinder gestures at you. Pain shoots through your body!
* * * LOW HITPOINT WARNING * * *
You are feeling hungry.
You slash Grinder!
Grinder is almost dead.
Grinder gestures at you. Pain shoots through your body!
You die...

###########
#########.....@5..#
#......##.#######.#
#......##.# #
#......##.#
#......##.#
#..(...##.#
#..)...##.#
###......##.#
#.'......##.#


You could see Grinder.

Vanquished Creatures
  4 orc priests (D:3)
  2 orc wizards (D:3)
  10 adders
  A worm (D:3)
  3 leopard geckos
  10 orcs (D:3)
  10 bats
  5 giant cockroaches
  5 goblins
  10 hobgoblins
  6 jackals
  4 frilled lizards
  6 kobolds
  8 rats
84 creatures vanquished.

Notes
Turn   | Place    | Note
-------+----------+-------------------------------------------
     0 | D:1      | Gremour the Tengu Fighter began the quest for the Orb.
     0 | D:1      | Reached XP level 1. HP: 14/14 MP: 2/2
   133 | D:1      | Reached XP level 2. HP: 18/19 MP: 3/3
   145 | D:1      | Reached skill level 3 in Long Blades
   431 | D:1      | Reached XP level 3. HP: 23/23 MP: 4/4
   714 | D:2      | Reached skill level 4 in Long Blades
  1048 | D:2      | Reached XP level 4. HP: 23/28 MP: 5/5
  1211 | D:2      | Reached skill level 5 in Long Blades
  1530 | D:3      | Found an iron altar of Okawaru.
  1552 | D:3      | Became a worshipper of Warmaster Okawaru
  1561 | D:3      | Gained mutation: You can fly. [Tengu growth]
  1561 | D:3      | Reached XP level 5. HP: 23/32 MP: 6/6
  1644 | D:3      | Reached skill level 6 in Long Blades
  1802 | D:3      | Reached XP level 6. HP: 23/37 MP: 7/7
  1902 | D:3      | Reached skill level 7 in Long Blades
  2039 | D:3      | Found a shadowy altar of Dithmenos.
  2040 | D:3      | Found a shimmering altar of Xom.
  2042 | D:3      | Found a snail-covered altar of Cheibriados.
  2042 | D:3      | Found an opulent altar of Gozag.
  2042 | D:3      | Found a glowing golden altar of the Shining One.
  2043 | D:3      | Found a white marble altar of Elyvilon.
  2112 | D:3      | Noticed Grinder
  2140 | D:3      | Killed from afar by Grinder

Skill      XL: |  1  2  3  4  5  6 |
---------------+-------------------+-----
Long Blades    | 3 4 5 6 7 |  7.5
Fighting       | |  3.0
Armour         | |  3.2
Shields        | |  3.0

Action                   |  1- 3 |  4- 6 || total
-------------------------+-------+-------++-------
Melee: Long sword        |    83 |   121 ||   204
       Kick              |    22 |    34 ||    56
       Peck              |    14 |    22 ||    36
       Unarmed           |       |    14 ||    14
 Abil: Fly               |       |     1 ||     1
  Use: Potion            |       |     1 ||     1
  Eat: Chunk             |       |     4 ||     4
Armor: Scale mail        |    42 |    46 ||    88
Dodge: Dodged            |    23 |    37 ||    60
Block: Shield            |    36 |    55 ||    91
       Rpst.: Long sword |     9 |    11 ||    20
